Map: Rhoskallian LE

Players

Massa - Winner!

  • Race: Terran Terran
  • League: Platinum
  • Spawn Location: 11:00

qqq - Winner!

  • Race: Zerg Zerg
  • League: Platinum
  • Spawn Location: 12:00

Needle

  • Race: Zerg Zerg
  • League: Platinum
  • Spawn Location: 6:00

Mhor

  • Race: Protoss Protoss
  • League: Platinum
  • Spawn Location: 5:00

VOD

Have the link to the VOD?

Description

Time

  • Played on: Jan. 25, 2021, 12:49 p.m.
  • Length: 5:20
Show
View Real Time Build Order
Export as new Build Order

Massa Terran - Winner!

Build Orders:  

Get SALT Encoding   

  12  0:00  SCV  
  13  0:12  SCV  
  14  0:19  Supply Depot  
  14  0:24  SCV  
  15  0:41  SCV  
  16  0:43  Barracks  
  16  0:47  Refinery  
  16  0:53  SCV  
  17  1:06  SCV  
  18  1:18  SCV  
  19  1:32  Orbital Command  
  19  1:43  Barracks  
  19  1:52  Barracks  
  19  1:54  Factory  
  19  1:57  SCV  
  20  2:06  Supply Depot  
  20  2:08  Barracks Tech Lab  
  20  2:14  SCV  
  21  2:26  SCV  
  21  2:27  Marine  
  23  2:30  Marine, Supply Depot  
  24  2:38  Hellion  
  24  2:39  Marine, Stimpack  
  27  2:45  Marine  
  27  2:48  Marine  
  29  2:57  Marine  
  30  2:58  Supply Depot  
  30  2:59  Hellion  
  30  3:03  Marauder  
  34  3:06  Marine  
  35  3:15  Marine  
  36  3:21  Widow Mine  
  36  3:23  Marine  
  36  3:24  Marauder  
  41  3:33  Marine  
  42  3:41  Marine  
  42  3:42  Widow Mine  
  42  3:45  Marine  
  46  3:51  Marine  
  47  4:13  Command Center  
  47  4:22  Marine x2  
  47  4:55  Supply Depot  
  47  4:57  Supply Depot x2  
  47  4:58  Supply Depot  
  47  4:59  SCV, Marine  
Show
View Real Time Build Order
Export as new Build Order

qqq Zerg - Winner!

Build Orders: Hatch First 

Get SALT Encoding   

  12  0:00  Drone  
  13  0:10  Drone  
  14  0:20  Overlord  
  14  0:46  Hatchery  
  13  0:52  Drone  
  14  0:59  Drone x2  
  16  1:06  Drone  
  17  1:26  Spawning Pool  
  17  1:27  Extractor  
  17  1:30  Drone x2  
  17  1:39  Drone  
  18  1:47  Drone  
  19  1:58  Drone  
  19  1:59  Drone  
  21  2:09  Drone  
  21  2:10  Drone  
  21  2:13  Queen  
  21  2:15  Queen  
  27  2:26  Overlord  
  27  2:28  Metabolic Boost  
  27  2:33  Drone  
  28  2:38  Overlord  
  28  2:45  Zergling x2  
  28  2:47  Drone  
  28  2:48  Drone  
  31  2:53  Zergling x2  
  31  2:55  Zergling x2  
  33  3:09  Zergling x2  
  33  3:10  Zergling x2  
  35  3:15  Zergling x2  
  35  3:17  Zergling x2  
  35  3:18  Lair  
  37  3:21  Zergling x4, Overlord  
  37  3:26  Drone  
  40  3:27  Zergling x2  
  40  3:29  Zergling x2  
  40  3:33  Zergling x2  
  43  3:34  Zergling x2  
  43  3:39  Overlord  
  44  3:44  Zergling x2  
  44  3:58  Zergling x8  
  44  3:59  Drone, Overlord  
  44  4:00  Zergling x2  
  44  4:02  Zergling x2  
  51  4:10  Spore Crawler  
  50  4:22  Zergling x4  
  50  4:23  Drone  
  50  4:24  Drone  
  52  4:36  Zergling x8  
  55  4:48  Zergling x2  
  54  4:56  Zergling x2  
  54  4:57  Drone x4  
Show
View Real Time Build Order
Export as new Build Order

Needle Zerg 

Build Orders: Hatch First 

Get SALT Encoding   

  12  0:01  Drone  
  13  0:14  Overlord  
  13  0:19  Drone  
  14  0:33  Drone x2  
  16  0:36  Drone  
  17  0:59  Hatchery  
  17  1:00  Drone  
  17  1:01  Drone  
  18  1:14  Extractor  
  18  1:17  Spawning Pool  
  16  1:20  Drone  
  17  1:35  Drone x2  
  19  1:41  Overlord  
  19  2:05  Overlord  
  19  2:08  Queen, Zergling x2  
  20  2:11  Queen  
  20  2:12  Zergling x2  
  25  2:17  Metabolic Boost  
  25  2:37  Drone x5  
  30  2:51  Evolution Chamber  
  29  2:53  Drone x2  
  31  3:01  Drone x2  
  33  3:23  Zergling x4  
  33  3:24  Hatchery, Zergling x4  
  36  3:32  Zergling x6  
  36  3:33  Overlord  
  39  3:45  Zergling x2  
  39  3:58  Overlord x3  
  39  3:59  Drone x4  
  43  4:15  Zergling x8  
  43  4:16  Zergling x2  
  39  4:33  Zergling x14  
  45  4:39  Zergling x2  
Show
View Real Time Build Order
Export as new Build Order

Mhor Protoss 

Build Orders:  

Get SALT Encoding   

  12  0:01  Probe  
  13  0:13  Probe  
  14  0:19  Pylon  
  14  0:25  Probe  
  15  0:38  Probe (Chrono Boost)  
  15  0:40  Gateway  
  16  0:45  Assimilator  
  17  0:50  Probe (Chrono Boost)  
  17  0:55  Probe (Chrono Boost)  
  18  1:04  Probe  
  18  1:05  Assimilator  
  19  1:16  Probe (Chrono Boost)  
  20  1:18  Pylon  
  20  1:28  Probe (Chrono Boost)  
  21  1:33  Cybernetics Core  
  21  1:34  Probe (Chrono Boost)  
  22  1:42  Probe  
  23  2:08  Nexus  
  23  2:18  Probe  
  24  2:25  Stargate  
  24  2:30  Probe  
  24  2:33  Stargate  
  25  2:42  Probe  
  26  2:47  Pylon  
  26  2:55  Assimilator  
  26  2:58  Probe  
  27  3:00  Assimilator  
  27  3:02  Void Ray  
  27  3:12  Probe  
  32  3:22  Probe  
  32  3:24  Probe  
  34  3:33  Fleet Beacon  
  34  3:35  Probe  
  35  3:43  Probe  
  35  3:45  Void Ray  
  35  3:47  Probe  
  41  4:02  Void Ray  
  45  4:18  Probe x2  
  47  4:26  Void Ray  
  47  4:30  Probe x2  
  49  4:42  Probe x2  
Tags
 
Add a new tag
Caveats
  • Supply blocks, unpowered buildings, or Contaminate may cause inaccurate times.
  • Supply counts are checked every 10 seconds.